 Dungeon Crawl Stone Soup version 0.29-a0-830-gcb1280458a (console) character file.

Game seed: 15873300160181214909

1583 jejorda2 the Chopper (level 8, -1/102 HPs)
             Began as a Gnoll Berserker on July 11, 2022.
             Was an Elder of Trog.
             Slain by a gnoll
             ... wielding a +0 halberd
             ... led by a gnoll bouda
              (8 damage)
             ... on level 8 of the Dungeon.
             The game lasted 00:13:41 (5744 turns).

jejorda2 the Chopper (Gnoll Berserker)              Turns: 5744, Time: 00:13:41

Health: -1/102     AC:  8    Str: 19    XL:     8   Next: 92%
Magic:  13/13      EV: 12    Int:  7    God:    Trog [****..]
Gold:   356        SH:  0    Dex: 11    Spells: 14/14 levels left

rFire   . . .      SeeInvis .   a - +0 broad axe
rCold   . . .      Faith    .   (no shield)
rNeg    . . .      Spirit   .   t - +1 ring mail {rPois}
rPois   +          Reflect  .   o - +0 helmet
rElec   .          Harm     .   (no cloak)
rCorr   +          Rampage  .   (no gloves)
Will    .....                   (no boots)
Stlth   ..........              y - amulet of regeneration
HPRegen 1.07/turn               j - ring of resist corrosion
MPRegen 0.13/turn               (no ring)

@: berserking (expiring), very quick
A: fangs 1, strong nose, distributed training
a: Renounce Religion, Berserk, Trog's Hand, Brothers in Arms


You were on level 8 of the Dungeon.
You worshipped Trog.
Trog was greatly pleased with you.
You visited 1 branch of the dungeon, and saw 8 of its levels.

You collected 356 gold pieces.

Inventory:

Hand Weapons
 a - a +0 broad axe (weapon)
 b - a +0 morningstar
Missiles
 c - 17 poisoned darts (quivered)
 k - 60 stones
 m - 9 boomerangs
 v - 5 curare-tipped darts
Armour
 o - a +0 helmet (worn)
 r - a +0 plate armour
 t - a +1 ring mail of poison resistance (worn)
Jewellery
 j - a ring of resist corrosion (left hand)
 y - an amulet of regeneration (around neck)
Scrolls
 g - a scroll of silence {unknown}
 i - a scroll of blinking
 l - a scroll of enchant weapon {unknown}
Potions
 d - 4 potions of heal wounds
 e - a potion of invisibility {unknown}
 f - a potion of lignification
 h - a potion of might {unknown}
 n - a potion of degeneration {unknown}
 p - a potion of ambrosia {unknown}
 u - 4 potions of curing
 w - 3 potions of attraction
 A - a potion of flight


   Skills:
 + Level 7.6 Fighting
 + Level 3.8 Short Blades
 + Level 3.8 Long Blades
 + Level 7.6 Axes
 + Level 3.8 Maces & Flails
 + Level 3.8 Polearms
 + Level 3.8 Staves
 + Level 3.8 Ranged Weapons
 + Level 3.8 Throwing
 + Level 6.0 Armour
 + Level 6.0 Dodging
 + Level 3.8 Stealth
 + Level 3.8 Shields
 + Level 3.8 Unarmed Combat
 + Level 3.8 Spellcasting
 + Level 3.1 Conjurations
 + Level 3.1 Hexes
 + Level 3.1 Summonings
 + Level 3.1 Necromancy
 + Level 3.1 Translocations
 + Level 3.1 Transmutations
 + Level 3.1 Fire Magic
 + Level 3.1 Ice Magic
 + Level 3.1 Air Magic
 + Level 3.1 Earth Magic
 + Level 3.1 Poison Magic
 + Level 4.2 Invocations
 + Level 3.8 Evocations


You had 14 spell levels left.
You didn't know any spells.
Your spell library was empty.

Dungeon Overview and Level Annotations

Branches:
Dungeon (8/15)             Temple (0/1) D:7
   Lair: D:8-11

Altars:
Ashenzari
Cheibriados
Elyvilon
Kikubaaqudgha
Okawaru
Sif Muna
Uskayaw
Zin


Innate Abilities, Weirdness & Mutations

You have very sharp teeth.
Your uncanny sense of smell can sniff out nearby items.
Your experience applies equally to all skills.


Message History

You are engulfed in a cloud of scalding steam.
The steam dragon closely misses you. x2
You hit the steam dragon but do no damage.
You bite the steam dragon, but do no damage.
The steam dragon is severely wounded.
You are engulfed in a cloud of scalding steam.
The steam dragon breathes steam at you. The ball of steam hits you!!
* * * LOW HITPOINT WARNING * * *
The steam dragon bites you.
* * * LOW HITPOINT WARNING * * *
The steam dragon closely misses you.
A red film seems to cover your vision as you go berserk!
You feel yourself moving faster!
You feel mighty!
You are engulfed in a cloud of scalding steam.
A water moccasin comes into view.
The gnoll hits you from afar with a +0 halberd.
* * * LOW HITPOINT WARNING * * *
The steam dragon closely misses you.
The steam dragon claws you but does no damage.
You barely miss the steam dragon.
The steam dragon is severely wounded.
You are engulfed in a cloud of scalding steam.
The gnoll barely misses you.
The steam dragon bites you but does no damage.
The steam dragon barely misses you.
You closely miss the steam dragon.
The steam dragon is severely wounded.
You are engulfed in a cloud of scalding steam.
* * * LOW HITPOINT WARNING * * *
The gnoll hits you from afar with a +0 halberd!
* * * LOW HITPOINT WARNING * * *
The steam dragon bites you but does no damage.
The steam dragon misses you.
You slash the steam dragon!
You kill the steam dragon!
Trog accepts your kill. The gnoll barely misses you.
The gnoll hits you from afar with a +0 halberd!
You die...

## ##.... ..
#...... #.
##.......
.###.##$.......
........<....#
............#
.....g......#.[
#S§........
#.§@.....#.
#..##....# ###
...## ∆ ...#
..## ##


You could see a water moccasin and a gnoll.

Vanquished Creatures
  2 steam dragons
  An orc warrior (D:7)
  A black bear (D:7)
  A centaur (D:5)
  A kobold brigand (D:7)
  2 bullfrogs (D:7)
  6 scorpions (D:6)
  A howler monkey (D:4)
  4 hounds
  A jelly (D:7)
  4 iguanas
  12 adders
  3 gnolls (D:3)
  2 ufetubi
  9 orcs
  11 bats
  12 endoplasms
  4 giant cockroaches
  10 hobgoblins
  9 jackals
  12 kobolds
  3 quokkas
  8 ball pythons
  6 frilled lizards
  3 goblins
  9 rats
137 creatures vanquished.

Vanquished Creatures (others)
  10 fungi (D:6)
10 creatures vanquished.

Grand Total: 147 creatures vanquished

Notes
Turn   | Place    | Note
-------+----------+-------------------------------------------
     0 | D:1      | jejorda2 the Gnoll Berserker began the quest for the Orb.
     0 | D:1      | Reached XP level 1. HP: 23/23 MP: 1/1
   170 | D:1      | Reached XP level 2. HP: 28/29 MP: 2/2
   727 | D:1      | Reached XP level 3. HP: 35/35 MP: 3/3
   737 | D:1      | Reached ** piety under Trog
   781 | D:1      | Reached skill level 1 in Invocations
  1270 | D:2      | Reached skill level 1 in Short Blades
  1270 | D:2      | Reached skill level 1 in Long Blades
  1270 | D:2      | Reached skill level 1 in Maces & Flails
  1270 | D:2      | Reached skill level 1 in Polearms
  1270 | D:2      | Reached skill level 1 in Staves
  1270 | D:2      | Reached skill level 1 in Ranged Weapons
  1270 | D:2      | Reached skill level 1 in Throwing
  1270 | D:2      | Reached skill level 1 in Stealth
  1270 | D:2      | Reached skill level 1 in Shields
  1270 | D:2      | Reached skill level 1 in Unarmed Combat
  1270 | D:2      | Reached skill level 1 in Spellcasting
  1270 | D:2      | Reached skill level 1 in Evocations
  1434 | D:2      | Reached XP level 4. HP: 35/41 MP: 5/5
  1899 | D:2      | Reached skill level 1 in Conjurations
  1899 | D:2      | Reached skill level 1 in Hexes
  1899 | D:2      | Reached skill level 1 in Summonings
  1899 | D:2      | Reached skill level 1 in Necromancy
  1899 | D:2      | Reached skill level 1 in Translocations
  1899 | D:2      | Reached skill level 1 in Transmutations
  1899 | D:2      | Reached skill level 1 in Fire Magic
  1899 | D:2      | Reached skill level 1 in Ice Magic
  1899 | D:2      | Reached skill level 1 in Air Magic
  1899 | D:2      | Reached skill level 1 in Earth Magic
  1899 | D:2      | Reached skill level 1 in Poison Magic
  2457 | D:3      | Reached XP level 5. HP: 44/47 MP: 7/7
  2862 | D:3      | Found a faded altar of an unknown god.
  2863 | D:3      | Noticed a golden eye
  2865 | D:3      | Noticed a golden eye
  2865 | D:3      | Noticed a shining eye
  2865 | D:3      | Noticed an eye of devastation
  3067 | D:3      | Found a shimmering blue altar of Sif Muna.
  3067 | D:3      | Found a white marble altar of Elyvilon.
  3220 | D:4      | Found a hide-covered altar of Uskayaw.
  3220 | D:4      | Noticed a +0 dagger
  3220 | D:4      | Noticed a +0 hand axe
  3241 | D:4      | Reached *** piety under Trog
  3274 | D:4      | Reached XP level 6. HP: 53/53 MP: 8/8
  3373 | D:4      | Reached skill level 5 in Armour
  3373 | D:4      | Reached skill level 5 in Dodging
  3949 | D:4      | Found a broken altar of Ashenzari.
  3949 | D:4      | Found an iron altar of Okawaru.
  3951 | D:4      | Found a snail-covered altar of Cheibriados.
  4014 | D:5      | Entered Level 5 of the Dungeon
  4015 | D:5      | Found an ancient bone altar of Kikubaaqudgha.
  4516 | D:6      | Reached XP level 7. HP: 60/60 MP: 10/10
  4838 | D:6      | Noticed a steam dragon
  4844 | D:6      | Killed a steam dragon
  4896 | D:6      | Reached XP level 8. HP: 55/67 MP: 12/12
  5298 | D:7      | Found a glowing silver altar of Zin.
  5413 | D:7      | Reached **** piety under Trog
  5507 | D:7      | Found a staircase to the Ecumenical Temple.
  5742 | D:8      | HP: 5/100 [gnoll/+0 halberd[a gnoll bouda] (9)]
  5744 | D:8      | Slain by a gnoll

Illustrated notes

Levels and vault maps discovered:
D:1:      dpeg_arrival_lava_altar, layout_basic
D:2:      layout_loops_corners, kennysheep_generic_room_16
D:3:      layout_loops_ring, gammafunk_temple_overflow_wave,
          hellmonk_ecumenical_altar_watching_god
D:4:      layout_loops_ring, minitemple, dancing_weapons_uskayaw, minivault_19,
          serial_bayou_pond_c, nicolae_figureground_sparkle
D:5:      layout_rooms, kiku_gazebo_pond_becter
D:6:      old_forge, layout_basic
D:7:      layout_gridville, mainiacjoe_overflow_cross_hatched,
          minmay_temple_entry_hall
D:8:      minmay_recursive_quarters, layout_cave_pools,
          nicolae_overflow_crystal_walls, overflow_temple_1_default

Skill      XL: |  1  2  3  4  5  6  7  8 |
---------------+-------------------------+-----
Invocations    | 1 2 3 4 |  4.2
Short Blades   | 1 2 3 |  3.8
Long Blades    | 1 2 3 |  3.8
Maces & Flails | 1 2 3 |  3.8
Polearms       | 1 2 3 |  3.8
Staves         | 1 2 3 |  3.8
Ranged Weapons | 1 2 3 |  3.8
Throwing       | 1 2 3 |  3.8
Stealth        | 1 2 3 |  3.8
Shields        | 1 2 3 |  3.8
Unarmed Combat | 1 2 3 |  3.8
Spellcasting   | 1 2 3 |  3.8
Evocations     | 1 2 3 |  3.8
Conjurations   | 1 2 3 |  3.1
Hexes          | 1 2 3 |  3.1
Summonings     | 1 2 3 |  3.1
Necromancy     | 1 2 3 |  3.1
Translocations | 1 2 3 |  3.1
Transmutations | 1 2 3 |  3.1
Fire Magic     | 1 2 3 |  3.1
Ice Magic      | 1 2 3 |  3.1
Air Magic      | 1 2 3 |  3.1
Earth Magic    | 1 2 3 |  3.1
Poison Magic   | 1 2 3 |  3.1
Armour         | 5 6 |  6.0
Dodging        | 5 6 |  6.0
Fighting       | 7 |  7.6
Axes           | 7 |  7.6

Action                   |  1- 3 |  4- 6 |  7- 9 || total
-------------------------+-------+-------+-------++-------
Melee: Hand axe          |   109 |    56 |       ||   165
       Bite              |    13 |    11 |    13 ||    37
       Punch             |     2 |     1 |     4 ||     7
       Broad axe         |       |    76 |   142 ||   218
Throw: Dart              |       |       |     1 ||     1
Invok: Berserk           |       |     2 |     3 ||     5
  Use: Scroll            |       |     4 |    10 ||    14
 Stab: Sleeping          |       |       |     2 ||     2
Armor: Animal skin       |     2 |       |       ||     2
       Leather armour    |    16 |       |       ||    16
       Ring mail         |       |    48 |    59 ||   107
Dodge: Dodged            |    71 |    94 |   119 ||   284

Table legend: (Time is in decaauts)
 A = Elapsed time spent in this place.
 B = Non-inter-level travel time spent in this place.
 C = Inter-level travel time spent in this place.
 D = Time resting spent in this place.
 E = Time spent auto-exploring this place.
 F = Levels seen in this place.
 G = Mean time per level.
                   A        B        C        D        E       F      G
               +--------+--------+--------+--------+--------+-----+--------+
         Total |   5826 |   5406 |    420 |    187 |   4199 |   8 |  728.2 |
       Dungeon |   5826 |   5406 |    420 |    187 |   4199 |   8 |  728.2 |
               +--------+--------+--------+--------+--------+-----+--------+

Top non-repeatable levels by time:
     D:2: 1300 daAuts
     D:1: 1066 daAuts
     D:3: 906 daAuts
     D:4: 773 daAuts
     D:6: 771 daAuts
     D:7: 556 daAuts
     D:5: 435 daAuts
     D:8: 16 daAuts
